 Dungeon Crawl Stone Soup version 0.26-a0-844-g3dd439832f (webtiles) character file.

Game seed: 14440503668748001076

164 Sun the Chopper (level 5, 0/41 HPs)
             Began as a Demonspawn Gladiator on Nov 18, 2020.
             Killed by divine providence
             ... invoked by an orc priest
              (15 damage)
             ... on level 4 of the Dungeon.
             The game lasted 00:03:24 (2924 turns).

Sun the Chopper (Demonspawn Gladiator)              Turns: 2924, Time: 00:03:24

Health: 0/41       AC: 10    Str: 15    XL:     5   Next: 21%
Magic:  5/5        EV: 15    Int:  9    God:
Gold:   232        SH:  0    Dex: 15    Spells: 4/4 levels left

rFire    . . .     SeeInvis .   a - +0 war axe
rCold    . . .     Faith    .   (no shield)
rNeg     . . .     Spirit   .   x - +3 ring mail
rPois    .         Reflect  .   c - +0 helmet
rElec    .         Harm     .   (no cloak)
rCorr    .         Rampage  .   r - +0 pair of gloves
MR       .....                  (no boots)
Stlth    +.........             (no amulet)
HPRegen  0.13/turn              f - ring of wizardry
MPRegen  0.09/turn              (no ring)

@: no status effects
A: repulsion field 2, powered by death 1
a: no special abilities


You were on level 4 of the Dungeon.
You visited 1 branch of the dungeon, and saw 4 of its levels.

You collected 232 gold pieces.

Inventory:

Hand Weapons
 a - a +0 war axe (weapon)
Missiles
 d - 5 throwing nets (quivered)
Armour
 c - a +0 helmet (worn)
 r - a +0 pair of gloves (worn)
 x - a +3 ring mail (worn)
Jewellery
 f - a ring of wizardry (left hand)
 h - an uncursed ring of fire
 s - an uncursed ring of ice
Wands
 v - a wand of iceblast (20)
Scrolls
 g - 4 scrolls of remove curse {unknown}
 j - 3 scrolls of fog {unknown}
 l - a scroll of fear {unknown}
 m - 3 scrolls of identify {unknown}
 n - a scroll of teleportation {unknown}
 q - a scroll of silence {unknown}
 t - a scroll of enchant weapon {unknown}
 u - a scroll of immolation {unknown}
 y - a scroll of magic mapping {unknown}
Potions
 b - a potion of lignification {unknown}
 e - a potion of brilliance {unknown}
 i - 2 potions of heal wounds {unknown}
 k - 2 potions of curing {unknown}
 o - 3 potions of attraction {unknown}
 p - 2 potions of might {unknown}
 w - a potion of haste {unknown}


   Skills:
 + Level 3.0 Fighting
 * Level 4.0 Axes
 + Level 2.7 Throwing
 + Level 1.1 Armour
 - Level 3.0 Dodging


You had 4 spell levels left.
You didn't know any spells.
Your spell library contained the following spells:

 Spells                   Type           Power        Failure   Level
 Magic Dart               Conj           #...         32%         1
 Blink                    Tloc           N/A          43%         2
 Call Imp                 Summ           #.......     43%         2
 Slow                     Hex            #.......     43%         2
 Conjure Flame            Conj/Fire      #.......     65%         3
 Mephitic Cloud           Conj/Pois/Air  #.......     65%         3


Dungeon Overview and Level Annotations

Branches:
Dungeon (4/15)
 Temple: D:4-7

Altars:
Xom

Annotations:
D:2 1 runed translucent door, Crazy Yiuf


Innate Abilities, Weirdness & Mutations

You are surrounded by a moderate repulsion field. (EV +3)
You regenerate a little health from kills.


Message History

The orc priest closely misses you. The orc misses you.
The orc wizard hits you but does no damage.
Unknown command.
You hit the orc priest.
The orc priest is moderately wounded.
You closely miss something. You hit the orc wizard.
Something hits you but does no damage. The orc priest barely misses you.
The orc wizard hits you but does no damage.
The orc misses you. Something hits you but does no damage.
You hit the orc priest but do no damage.
The orc priest is moderately wounded.
You miss something. You miss the orc wizard.
The orc priest hits you but does no damage.
The orc wizard completely misses you. The orc barely misses you.
You hear some strange, mumbled words.
A puff of flame appears from out of thin air!
The puff of flame hits you!
The orc priest calls down the wrath of Beogh upon you.
Beogh smites you!
You die...

#.##### ##.# #.# #.##
############# ##.#
#...........# #.##
#............ #..#
#........... ##.#
#........... #.##
#..{@....... ##.#
#.ooo.......
####.####.)........
##..#..# #..........
##....#.###..........
#..........#.........
#....................
#.......#####........
#[.......# .......


You could see an orc priest, an orc wizard and an orc.

Vanquished Creatures
  6 adders
  An ooze (D:2)
  An adder skeleton (D:3)
  A worm (D:3)
  6 dart slugs
  3 leopard geckos
  3 orcs
  2 giant cockroaches
  14 goblins
  12 hobgoblins
  2 jackals (D:4)
  2 quokkas (D:3)
  A ball python (D:3)
  5 bats
  8 frilled lizards
  6 kobolds
  9 rats
82 creatures vanquished.

Vanquished Creatures (others)
  A kobold (D:3)
1 creature vanquished.

Grand Total: 83 creatures vanquished

Notes
Turn   | Place    | Note
-------+----------+-------------------------------------------
     0 | D:1      | Sun the Demonspawn Gladiator began the quest for the Orb.
     0 | D:1      | Reached XP level 1. HP: 16/16 MP: 1/1
   531 | D:1      | Gained mutation: You regenerate a little health from kills.
                  | [demonic ancestry]
   531 | D:1      | Reached XP level 2. HP: 21/22 MP: 2/2
   691 | D:1      | Reached skill level 3 in Axes
  1146 | D:2      | Gained mutation: You are surrounded by a mild repulsion
                  | field. (EV +2) [demonic ancestry]
  1146 | D:2      | Reached XP level 3. HP: 28/28 MP: 3/3
  1575 | D:2      | Reached XP level 4. HP: 14/34 MP: 4/4
  1838 | D:2      | Found a shimmering altar of Xom.
  1937 | D:2      | Found a runed translucent door.
  1938 | D:2      | Noticed Crazy Yiuf
  2293 | D:3      | Reached skill level 1 in Armour
  2406 | D:3      | Gained mutation: You are surrounded by a moderate repulsion
                  | field. (EV +3) [demonic ancestry]
  2406 | D:3      | Reached XP level 5. HP: 40/40 MP: 5/5
  2444 | D:3      | Reached skill level 4 in Axes
  2924 | D:4      | Killed from afar by an orc priest

Illustrated notes

Levels and vault maps discovered:
D:1:      elethiomel_arrival_maze, layout_basic, kennysheep_boxes
D:2:      layout_basic, tgw_xom, uniq_crazy_yiuf_cottage
D:3:      minmay_bubble_buster, layout_rooms, minmay_misc_feat_four_crosses,
          nrook_loot_triangle
D:4:      layout_cave_pods, uniq_edmund

Skill      XL: |  1  2  3  4  5 |
---------------+----------------+-----
Axes           | 3 4 |  4.0
Throwing       | 2 |  2.7
Dodging        | 3 |  3.0
Armour         | 1 |  1.1
Fighting       | 3 |  3.0

Action                   |  1- 3 |  4- 6 || total
-------------------------+-------+-------++-------
Melee: War axe           |   100 |   110 ||   210
 Stab: Sleeping          |     1 |     2 ||     3
Armor: Leather armour    |    21 |    21 ||    42
       Ring mail         |       |    15 ||    15
Dodge: Dodged            |    94 |   117 ||   211

Table legend: (Time is in decaauts)
 A = Elapsed time spent in this place.
 B = Non-inter-level travel time spent in this place.
 C = Inter-level travel time spent in this place.
 D = Time resting spent in this place.
 E = Time spent auto-exploring this place.
 F = Levels seen in this place.
 G = Mean time per level.
                   A        B        C        D        E       F      G
               +--------+--------+--------+--------+--------+-----+--------+
         Total |   2988 |   2933 |     55 |      0 |   2386 |   4 |  747.0 |
       Dungeon |   2988 |   2933 |     55 |      0 |   2386 |   4 |  747.0 |
               +--------+--------+--------+--------+--------+-----+--------+

Top non-repeatable levels by time:
     D:1: 1123 daAuts
     D:2: 948 daAuts
     D:3: 716 daAuts
     D:4: 200 daAuts
